ITL
RICHMOND FLAIRS @ CHATTANOOGA CHINPOKOMON
07/11/2028
 
TOP OF THE 1ST
Richmond Flairs batting - Pitching for Chattanooga Chinpokomon : LHP Félix García
Pitching: LHP Félix García
Batting: LHB R.J. Courtney 0-0: Ball
1-0: Foul Ball, location: 2F
1-1: Foul Ball, location: 2F
1-2: Ball
2-2: Strikes out swinging
Batting: SHB António Enríquez 0-0: Ball
1-0: Ball
2-0: Ground out 6-3 (Groundball, 6)
Batting: RHB R.J. Crosby 0-0: Swinging Strike
0-1: SINGLE (Flyball, 89S)
Batting: RHB Elliott Johnston 0-0: SINGLE (Flyball, 89S)
R.J. Crosby to second
Runner from 2nd tries for 3rd, SAFE, throw made to third
Batting: RHB Rafael Carreón 0-0: Ball
1-0: Foul Ball, location: 2F
1-1: Foul Ball, location: 2F
1-2: Ball
2-2: Fly out, F2 (Popup, 15S)
Top of the 1st over - 0 run(s), 2 hit(s), 0 error(s), 2 left on base; Richmond 0 - Chattanooga 0
BOTTOM OF THE 1ST
Chattanooga Chinpokomon batting - Pitching for Richmond Flairs : RHP Gene O'Neal
Pitching: RHP Gene O'Neal
Batting: RHB Kyung-bok Cho 0-0: Called Strike
0-1: DOUBLE (Line Drive, 7LS)
Batting: RHB Cristo García 0-0: Ground out 4-3 (Groundball, 4MD)
Kyung-bok Cho to third
Batting: RHB Robert Buckley 0-0: Called Strike
0-1: Swinging Strike
0-2: Ground out 4-3 (Groundball, 4MS)
Kyung-bok Cho scores
Batting: RHB Jesús Tisnado 0-0: Called Strike
0-1: Ball
1-1: Swinging Strike
1-2: Ball
2-2: Foul Ball, location: 2F
2-2: Foul Ball, location: 2F
2-2: Strikes out looking
Bottom of the 1st over - 1 run(s), 1 hit(s), 0 error(s), 0 left on base; Richmond 0 - Chattanooga 1
TOP OF THE 2ND
Richmond Flairs batting - Pitching for Chattanooga Chinpokomon : LHP Félix García
Batting: LHB Pedro Díaz 0-0: Ball
1-0: Ball
2-0: Ball
3-0: Called Strike
3-1: SINGLE (Line Drive, 4)
Batting: SHB Adrián Miranda 0-0: Called Strike
0-1: Ball
1-1: Ball
2-1: Called Strike
2-2: DOUBLE (Flyball, 8RD)
Pedro Díaz to third
Batting: RHB Miguel Hernández 0-0: Foul Ball, location: 2F
0-1: Called Strike
0-2: Ball
1-2: Strikes out swinging
Batting: LHB Dave Gray 0-0: Swinging Strike
0-1: Ball
1-1: Swinging Strike
1-2: Strikes out swinging
Batting: LHB R.J. Courtney 0-0: Called Strike
0-1: Foul Ball, location: 2F
0-2: Foul Ball, location: 2F
0-2: Ball
1-2: Ball
2-2: Ball
3-2: Base on Balls
Batting: SHB António Enríquez 0-0: DOUBLE (Line Drive, 7LS)
Pedro Díaz scores
Adrián Miranda scores
R.J. Courtney to third
Batting: RHB R.J. Crosby 0-0: Ball
1-0: Ball
2-0: Ball
Wild Pitch!
R.J. Courtney scores
António Enríquez to third
3-0: Base on Balls
Batting: RHB Elliott Johnston 0-0: Foul Ball, location: 2F
0-1: Ball
1-1: Foul Ball, location: 2F
1-2: 3-RUN HOME RUN (Flyball, 7D), Distance : 388 ft
Batting: RHB Rafael Carreón 0-0: Ball
1-0: Ball
2-0: Ball
3-0: Called Strike
3-1: Called Strike
3-2: Ground out 5-3 (Groundball, 56)
Top of the 2nd over - 6 run(s), 4 hit(s), 0 error(s), 0 left on base; Richmond 6 - Chattanooga 1
BOTTOM OF THE 2ND
Chattanooga Chinpokomon batting - Pitching for Richmond Flairs : RHP Gene O'Neal
Batting: RHB Casey Fox 0-0: Ball
1-0: Swinging Strike
1-1: Called Strike
1-2: Fly out, F9 (Flyball, 9S)
Batting: RHB Ramiro Chávez 0-0: Ball
1-0: Ball
2-0: Ball
3-0: Base on Balls
Batting: LHB Martin Davis 0-0: Called Strike
0-1: Foul Ball, location: 2F
0-2: Ball
1-2: Ball
2-2: Ball
3-2: Strikes out swinging
Batting: RHB Felipe Rego 0-0: Ball
1-0: Ball
2-0: SINGLE (Line Drive, 78S)
Ramiro Chávez to second
Batting: RHB Luis Antonio Velásquez 0-0: Called Strike
0-1: Ball
1-1: Swinging Strike
1-2: Ball
2-2: Ball
3-2: Ground out 6-3 (Groundball, 6D)
Bottom of the 2nd over - 0 run(s), 1 hit(s), 0 error(s), 2 left on base; Richmond 6 - Chattanooga 1
TOP OF THE 3RD
Richmond Flairs batting - Pitching for Chattanooga Chinpokomon : LHP Félix García
Pitching: LHP José Chávez
Batting: LHB Pedro Díaz 0-0: Foul Ball, location: 2F
0-1: SINGLE (Line Drive, 4D)
Batting: SHB Adrián Miranda 0-0: Foul Ball, location: 2F
0-1: Called Strike
0-2: Foul Ball, location: 2F
0-2: Ball
1-2: Foul Ball, location: 2F
1-2: Strikes out swinging
Batting: RHB Miguel Hernández 0-0: Ball
1-0: Ball
2-0: Ball
3-0: Base on Balls
Pedro Díaz to second
Batting: LHB Dave Gray 0-0: Foul Ball, location: 2F
0-1: Called Strike
0-2: Strikes out swinging
Batting: LHB R.J. Courtney 0-0: Ball
1-0: Foul Ball, location: 2F
1-1: Ball
2-1: Ground out 4-3 (Groundball, 4S)
Top of the 3rd over - 0 run(s), 1 hit(s), 0 error(s), 2 left on base; Richmond 6 - Chattanooga 1
BOTTOM OF THE 3RD
Chattanooga Chinpokomon batting - Pitching for Richmond Flairs : RHP Gene O'Neal
Batting: RHB Kyung-bok Cho 0-0: Called Strike
0-1: Foul Ball, location: 2F
0-2: Ball
1-2: Foul Ball, location: 2F
1-2: Foul Ball, location: 2F
1-2: Foul Ball, location: 2F
1-2: Ball
2-2: Ground out 4-3 (Groundball, 4)
Batting: RHB Cristo García 0-0: Swinging Strike
0-1: Foul Ball, location: 2F
0-2: SINGLE (Line Drive, 56D)
Batting: RHB Robert Buckley 0-0: Ball
1-0: SINGLE (Line Drive, 8LS)
Cristo García to second
Batting: RHB Jesús Tisnado 0-0: SINGLE (Groundball, 56D)
Cristo García to third
Robert Buckley to second
Runner from 3rd tries for Home, SAFE, throw made home
Batting: RHB Casey Fox 0-0: Ball
1-0: Fly out, F1 (Line Drive, 15)
Lined into DP, 1-3 (Line Drive, 15)
Bottom of the 3rd over - 1 run(s), 3 hit(s), 0 error(s), 1 left on base; Richmond 6 - Chattanooga 2
TOP OF THE 4TH
Richmond Flairs batting - Pitching for Chattanooga Chinpokomon : LHP José Chávez
Batting: SHB António Enríquez 0-0: Called Strike
0-1: Ball
1-1: Ground out 2-3 (Groundball, 2L)
Batting: RHB R.J. Crosby 0-0: Ball
1-0: DOUBLE (Flyball, 8RD)
Batting: RHB Elliott Johnston 0-0: Called Strike
0-1: Ground out 5-3 (Groundball, 56)
Batting: RHB Rafael Carreón 0-0: Ball
1-0: Ball
2-0: Ball
3-0: Base on Balls
Batting: LHB Pedro Díaz 0-0: Ball
1-0: SINGLE (Flyball, 78M)
R.J. Crosby to third
Rafael Carreón to second
Runner from 3rd tries for Home, SAFE, no throw
Batting: SHB Adrián Miranda 0-0: Called Strike
0-1: SINGLE (Flyball, 78S)
Rafael Carreón to third
Pedro Díaz to second
Batting: RHB Miguel Hernández 0-0: Ball
1-0: Ball
2-0: Foul Ball, location: 2F
2-1: Foul Ball, location: 2F
2-2: Fly out, F7 (Flyball, 7)
Top of the 4th over - 1 run(s), 3 hit(s), 0 error(s), 3 left on base; Richmond 7 - Chattanooga 2
BOTTOM OF THE 4TH
Chattanooga Chinpokomon batting - Pitching for Richmond Flairs : RHP Gene O'Neal
Batting: RHB Ramiro Chávez 0-0: Ball
1-0: Ball
2-0: Ball
3-0: Called Strike
3-1: Called Strike
3-2: Base on Balls
Batting: LHB Martin Davis Pickoff Throw to First - Error! E1
Ramiro Chávez to second
0-0: Called Strike
0-1: Fly out, F8 (Flyball, 8LD)
Runner from 2nd tags up, SAFE at 3rd, no throw
Batting: RHB Felipe Rego 0-0: Ball
1-0: Called Strike
1-1: Ground out 5-3 (Groundball, 56)
Ramiro Chávez scores
Batting: RHB Luis Antonio Velásquez 0-0: Ball
1-0: Ball
2-0: Ball
3-0: Base on Balls
Batting: RHB Kyung-bok Cho 0-0: Ball
1-0: Ball
2-0: Called Strike
2-1: Swinging Strike
2-2: Strikes out swinging
Bottom of the 4th over - 1 run(s), 0 hit(s), 1 error(s), 1 left on base; Richmond 7 - Chattanooga 3
TOP OF THE 5TH
Richmond Flairs batting - Pitching for Chattanooga Chinpokomon : LHP José Chávez
Batting: LHB Dave Gray 0-0: Ball
1-0: Ground out U3 (Groundball, 34)
Batting: LHB R.J. Courtney 0-0: Ball
1-0: Called Strike
1-1: Swinging Strike
1-2: Strikes out looking
Batting: SHB António Enríquez 0-0: Ball
1-0: Ball
2-0: Called Strike
2-1: Foul Ball, location: 2F
2-2: Ball
3-2: Foul Ball, location: 2F
3-2: SINGLE (Groundball, 56D)
Pitching: RHP Carlos Mendoza
Batting: RHB R.J. Crosby 0-0: Ball
1-0: Called Strike
1-1: Ball
2-1: Ball
3-1: Fly out, F5 (Popup, 5)
Top of the 5th over - 0 run(s), 1 hit(s), 0 error(s), 1 left on base; Richmond 7 - Chattanooga 3
BOTTOM OF THE 5TH
Chattanooga Chinpokomon batting - Pitching for Richmond Flairs : RHP Gene O'Neal
Batting: RHB Cristo García 0-0: Called Strike
0-1: Foul Ball, location: 2F
0-2: Ball
1-2: Foul Ball, location: 2F
1-2: Ball
2-2: Ball
3-2: Ground out 6-3 (Groundball, 6)
Batting: RHB Robert Buckley 0-0: Swinging Strike
0-1: Called Strike
0-2: Ball
1-2: Strikes out swinging
Batting: RHB Jesús Tisnado 0-0: DOUBLE (Flyball, 78D)
Batting: RHB Casey Fox 0-0: Ball
1-0: TRIPLE (Line Drive, 8RD)
Jesús Tisnado scores
Batting: RHB Ramiro Chávez 0-0: Foul Ball, location: 2F
0-1: Ball
1-1: Ball
2-1: Ball
3-1: Called Strike
3-2: Base on Balls
Batting: LHB Martin Davis 0-0: Swinging Strike
0-1: Called Strike
0-2: Ball
1-2: Ball
2-2: Ball
3-2: Ground out 4-3 (Groundball, 4M)
Bottom of the 5th over - 1 run(s), 2 hit(s), 0 error(s), 2 left on base; Richmond 7 - Chattanooga 4
TOP OF THE 6TH
Richmond Flairs batting - Pitching for Chattanooga Chinpokomon : RHP Carlos Mendoza
Batting: RHB Elliott Johnston 0-0: Ball
1-0: Called Strike
1-1: Fly out, F9 (Flyball, 89M)
Batting: RHB Rafael Carreón 0-0: Ball
1-0: Swinging Strike
1-1: Called Strike
1-2: Strikes out swinging
Batting: LHB Pedro Díaz 0-0: Swinging Strike
0-1: Swinging Strike
0-2: Ball
1-2: Strikes out swinging
Top of the 6th over - 0 run(s), 0 hit(s), 0 error(s), 0 left on base; Richmond 7 - Chattanooga 4
BOTTOM OF THE 6TH
Chattanooga Chinpokomon batting - Pitching for Richmond Flairs : RHP Gene O'Neal
Batting: RHB Felipe Rego 0-0: Fly out, F8 (Flyball, 8LXD)
Batting: RHB Luis Antonio Velásquez 0-0: Swinging Strike
0-1: Ball
1-1: Called Strike
1-2: Ball
2-2: Strikes out swinging
Batting: RHB Kyung-bok Cho 0-0: Ball
1-0: Ball
2-0: Ball
3-0: Called Strike
3-1: Bunt for hit - play at first, batter OUT! 2-3
Bottom of the 6th over - 0 run(s), 0 hit(s), 0 error(s), 1 left on base; Richmond 7 - Chattanooga 4
TOP OF THE 7TH
Richmond Flairs batting - Pitching for Chattanooga Chinpokomon : RHP Carlos Mendoza
Batting: SHB Adrián Miranda 0-0: Ball
1-0: Foul Ball, location: 2F
1-1: Ball
2-1: SINGLE (Flyball, 8RS)
Batting: RHB Miguel Hernández 0-0: Ball
1-0: Sac Bunt - play at first, batter OUT! 1-3
Adrián Miranda to second
Batting: LHB Dave Gray 0-0: Intentional Walk
Pitching: LHP Henry Barton
Batting: LHB R.J. Courtney 0-0: Ball
1-0: Swinging Strike
1-1: Fly out, F4 (Popup, 4)
Pitching: LHP Israel Polanco
Batting: SHB António Enríquez 0-0: Ball
1-0: Foul Ball, location: 2F
1-1: Foul Ball, location: 2F
1-2: Foul Ball, location: 2F
1-2: SINGLE (Groundball, 4MD)
Adrián Miranda to third
Dave Gray to second
Runner from 3rd tries for Home, SAFE, throw made home
Batting: RHB R.J. Crosby 0-0: Ball
1-0: Ball
2-0: Called Strike
2-1: Called Strike
2-2: Fly out, F1 (Line Drive, 13)
Top of the 7th over - 1 run(s), 2 hit(s), 0 error(s), 2 left on base; Richmond 8 - Chattanooga 4
BOTTOM OF THE 7TH
Chattanooga Chinpokomon batting - Pitching for Richmond Flairs : RHP Gene O'Neal
Pitching: LHP Orlando Díaz
Now in LF: Roland Jones
Batting: RHB Cristo García 0-0: Called Strike
0-1: Called Strike
0-2: Ball
1-2: Foul Ball, location: 2F
1-2: SINGLE (Groundball, 56D)
Batting: RHB Robert Buckley 0-0: Ball
1-0: DOUBLE (Flyball, 78XD)
Cristo García to third
Batting: RHB Jesús Tisnado 0-0: Ball
1-0: Foul Ball, location: 2F
1-1: Ball
2-1: Swinging Strike
2-2: Ball
3-2: 3-RUN HOME RUN (Flyball, 78XD), Distance : 393 ft
Pitching: LHP Enrico Lozano
Batting: RHB Casey Fox 0-0: Ball
1-0: Ball
2-0: Ball
3-0: SINGLE (Flyball, 7LS)
Batting: RHB Ramiro Chávez 0-0: Ball
1-0: Called Strike
1-1: Ball
2-1: Ball
3-1: 2-RUN HOME RUN (Flyball, 7LD), Distance : 348 ft
Pitching: LHP Salvador Rodríguez
Batting: LHB Martin Davis 0-0: Ball
1-0: Fly out, F7 (Line Drive, 7)
Batting: RHB Felipe Rego 0-0: Ball
1-0: Ball
2-0: Called Strike
2-1: Foul Ball, location: 2F
2-2: Strikes out swinging
Batting: RHB Luis Antonio Velásquez 0-0: Ball
1-0: Ball
2-0: Called Strike
2-1: Foul Ball, location: 2F
2-2: Ball
3-2: SINGLE (Groundball, 4MD)
Pinch Hitting: RHB Ichizo Akiyama 0-0: Called Strike
0-1: Ball
1-1: Swinging Strike
1-2: Strikes out swinging
Bottom of the 7th over - 5 run(s), 6 hit(s), 0 error(s), 1 left on base; Richmond 8 - Chattanooga 9
TOP OF THE 8TH
Richmond Flairs batting - Pitching for Chattanooga Chinpokomon : LHP Israel Polanco
Pitching: LHP Jeff Hardin
Now in LF: Ichizo Akiyama
Batting: RHB Elliott Johnston 0-0: Ball
1-0: Called Strike
1-1: Foul Ball, location: 2F
1-2: Foul Ball, location: 2F
1-2: Strikes out swinging
Batting: RHB Rafael Carreón 0-0: Ball
1-0: Called Strike
1-1: Swinging Strike
1-2: Ball
2-2: Foul Ball, location: 2F
2-2: Foul Ball, location: 2F
2-2: Strikes out looking
Batting: LHB Pedro Díaz 0-0: Fly out, F9 (Flyball, 9S)
Top of the 8th over - 0 run(s), 0 hit(s), 0 error(s), 0 left on base; Richmond 8 - Chattanooga 9
BOTTOM OF THE 8TH
Chattanooga Chinpokomon batting - Pitching for Richmond Flairs : LHP Salvador Rodríguez
Batting: RHB Cristo García 0-0: Swinging Strike
0-1: Ball
1-1: Ball
2-1: Foul Ball, location: 2F
2-2: Foul Ball, location: 2F
2-2: Ball
3-2: Foul Ball, location: 2F
3-2: Strikes out swinging
Batting: RHB Robert Buckley 0-0: SOLO HOME RUN (Flyball, 7D), Distance : 384 ft
Batting: RHB Jesús Tisnado 0-0: Called Strike
0-1: Foul Ball, location: 2F
0-2: Ball
1-2: Foul Ball, location: 2F
1-2: Foul Ball, location: 2F
1-2: Ball
2-2: Strikes out swinging
Batting: RHB Casey Fox 0-0: Called Strike
0-1: Fly out, F8 (Flyball, 8RS)
Bottom of the 8th over - 1 run(s), 1 hit(s), 0 error(s), 0 left on base; Richmond 8 - Chattanooga 10
TOP OF THE 9TH
Richmond Flairs batting - Pitching for Chattanooga Chinpokomon : LHP Jeff Hardin
Pitching: LHP Bob Quested
Batting: LHB Roland Jones 0-0: Swinging Strike
0-1: Called Strike
0-2: Strikes out swinging
Batting: RHB Miguel Hernández 0-0: Fly out, F5 (Popup, 56S)
Batting: LHB Dave Gray 0-0: Called Strike
0-1: Called Strike
0-2: Ball
1-2: Ball
2-2: Ball
3-2: Strikes out swinging
Top of the 9th over - 0 run(s), 0 hit(s), 0 error(s), 0 left on base; Richmond 8 - Chattanooga 10
Tuesday, August 8th, 2017 - OOTP Baseball 17.12 Build 75